 Seeded DCSS version 0.27.1 (webtiles) character file.

Game seed: 14036611466628663890 (custom seed)

502 oldmanjim the Poker (level 7, -2/56 HPs)
             Began as a Merfolk Fighter on Aug 29, 2021.
             Was a Believer of Elyvilon.
             Slain by a black bear (8 damage)
             ... on level 4 of the Dungeon.
             The game lasted 00:35:26 (6200 turns).

oldmanjim the Poker (Merfolk Fighter)               Turns: 6200, Time: 00:35:28

Health: -2/56      AC:  7    Str: 18    XL:     7   Next: 17%
Magic:  5/7        EV:  9    Int:  8    God:    Elyvilon [**....]
Gold:   121        SH: 10    Dex: 13    Spells: 6/6 levels left

rFire    . . .     SeeInvis .   a - +0 trident
rCold    . . .     Faith    +   c - +0 kite shield
rNeg     . . .     Spirit   .   j - +0 scale mail
rPois    .         Reflect  .   (no helmet)
rElec    .         Harm     .   (no cloak)
rCorr    .         Rampage  .   (no gloves)
Will     .....                  o - +0 pair of boots
Stlth    ..........             n - amulet of faith
HPRegen  0.18/turn              (no ring)
MPRegen  0.10/turn              (no ring)

@: no status effects
A: (nimble swimmer 2), mertail
a: Renounce Religion, Lesser Healing, Heal Other, Divine Protection


You were on level 4 of the Dungeon.
You worshipped Elyvilon.
Elyvilon was pleased with you.
You visited 1 branch of the dungeon, and saw 5 of its levels.

You collected 121 gold pieces.

Inventory:

Hand Weapons
 a - a +0 trident (weapon)
 b - a +0 hunting sling
 g - a +2 dagger of speed
Missiles
 f - 102 stones (quivered)
 m - 29 bolts
 t - 8 javelins
 v - 25 sling bullets
Armour
 c - a +0 kite shield (worn)
 j - a +0 scale mail (worn)
 o - a +0 pair of boots (worn)
Jewellery
 n - an amulet of faith (around neck)
 x - a ring of ice
 y - an amulet of guardian spirit
Scrolls
 i - a scroll of acquirement {unknown}
 k - 2 scrolls of identify {unknown}
 l - 2 scrolls of amnesia {unknown}
 w - a scroll of enchant armour {unknown}
Potions
 d - 2 potions of might
 e - 2 potions of brilliance {unknown}
 h - a potion of lignification {unknown}
 p - a potion of curing {unknown}
 q - a potion of ambrosia {unknown}
 r - a potion of resistance {unknown}
 s - a potion of berserk rage {unknown}
 u - a potion of haste {unknown}


   Skills:
 - Level 5.0 Fighting
 + Level 6.1 Polearms
 - Level 2.2 Armour
 - Level 4.0 Dodging
 + Level 5.0 Shields


You had 6 spell levels left.
You didn't know any spells.
Your spell library contained the following spells:

 Spells                   Type           Power      Damage    Failure   Level
 Apportation              Tloc           0%         N/A       99%         1


Dungeon Overview and Level Annotations

Branches:
Dungeon (5/15)
 Temple: D:4-7

Altars:
Cheibriados
Elyvilon
Kikubaaqudgha
Wu Jian

Shops:
D:2 ?[(??

Annotations:
D:4 Pikel


Innate Abilities, Weirdness & Mutations

((You are quick and stealthy near water. (Stealth+, EV+, Speed+++)))
Your lower body shifts to a powerful aquatic tail in water.


Message History

The black bear is heavily wounded.
You block the black bear's attack. x2; The black bear claws you.
You closely miss the black bear.
The black bear is heavily wounded.
The black bear bites you but does no damage.
You block the black bear's attack. The black bear completely misses you.
You hit the black bear but do no damage.
The black bear is heavily wounded.
The black bear bites you but does no damage.
The black bear claws you. x2
You are healed.
You block the black bear's attack. x2
The black bear barely misses you.
You hit the black bear.
The black bear is severely wounded.
The black bear goes berserk!
Your scale mail prevents you from hitting the black bear.
The black bear is severely wounded.
The black bear bites you! The black bear claws you.
* * * LOW HITPOINT WARNING * * *
You block the black bear's attack. The black bear barely misses you.
The black bear claws you.
* * * LOW HITPOINT WARNING * * *
The black bear claws you.
* * * LOW HITPOINT WARNING * * *
You are healed.
The black bear bites you.
* * * LOW HITPOINT WARNING * * *
The black bear barely misses you. The black bear claws you.
* * * LOW HITPOINT WARNING * * *
The black bear bites you.
* * * LOW HITPOINT WARNING * * *
The black bear claws you.
* * * LOW HITPOINT WARNING * * *
You block the black bear's attack.
You puncture the black bear!
The black bear is almost dead.
The black bear bites you.
* * * LOW HITPOINT WARNING * * *
The black bear closely misses you. You block the black bear's attack.
The black bear bites you!
You die...

#....### #....### ##......##
##....# ######........#####
##..#..###
##.##.#........#...###...#....##
##......................####.....
#...................##...# ###)..
##...................##..####....
.................h...##..##......
................@....#..........#
.#....................##..#.....#
##.#..........#..#......##......
#####.>..###.####..###..#....##
###(####.# #............##
#########..##...###.....#........
...##..#..####..#...##.##........
...#.......#.##....###..........#
...#..........##..## #..........#


You could see a black bear (berserk).

Vanquished Creatures
  An ogre (D:5)
  A necrophage (D:2)
  3 lemures (D:3)
  A vampire bat (D:3)
  2 hounds (D:4)
  An iguana (D:4)
  An orc wizard (D:3)
  5 gnolls
  A howler monkey skeleton (D:4)
  4 adders
  A dart slug (D:4)
  7 orcs
  9 ball pythons
  4 bat skeletons (D:3)
  2 bat zombies (D:3)
  7 endoplasms
  A giant cockroach (D:1)
  11 goblins
  2 hobgoblins (D:3)
  5 jackals (D:1)
  5 quokkas
  3 bats
  5 frilled lizards
  7 kobolds
  5 rats
94 creatures vanquished.

Notes
Turn   | Place    | Note
-------+----------+-------------------------------------------
     0 | D:1      | oldmanjim the Merfolk Fighter began the quest for the Orb.
     0 | D:1      | Reached XP level 1. HP: 18/18 MP: 1/1
   177 | D:1      | Reached XP level 2. HP: 20/25 MP: 2/2
   413 | D:1      | Found a faded altar of an unknown god.
   421 | D:1      | Got Plato's Volume of Displacement
   438 | D:1      | Reached XP level 3. HP: 30/30 MP: 3/3
  1314 | D:2      | Reached skill level 4 in Polearms
  1451 | D:2      | Found a snail-covered altar of Cheibriados.
  1469 | D:2      | Found Suuttis's Magic Scroll Shoppe.
  1527 | D:2      | Reached XP level 4. HP: 37/37 MP: 4/4
  1546 | D:2      | Found Recukecasm's Magic Scroll Boutique.
  1600 | D:2      | Found Ywoahe Xelo's Armour Shop.
  1738 | D:2      | Found Kistea's Weapon Shop.
  1965 | D:2      | Found Ciliuc's Magic Scroll Emporium.
  2030 | D:2      | Noticed a necrophage
  2086 | D:3      | Found an ornate altar of the Wu Jian Council.
  2206 | D:3      | Found a white marble altar of Elyvilon.
  2225 | D:3      | Became a worshipper of Elyvilon the Healer
  2375 | D:3      | Found an ancient bone altar of Kikubaaqudgha.
  2385 | D:3      | Reached skill level 5 in Polearms
  2385 | D:3      | Reached XP level 5. HP: 42/42 MP: 5/5
  2570 | D:3      | Reached * piety under Elyvilon
  2951 | D:4      | Noticed Pikel
  2951 | D:4      | Noticed a lemure
  2951 | D:4      | Noticed a lemure
  3106 | D:4      | Reached skill level 5 in Shields
  3291 | D:4      | Noticed a lemure
  3291 | D:4      | Noticed a lemure
  3311 | D:4      | Reached skill level 1 in Dodging
  3401 | D:2      | Killed a necrophage
  3402 | D:2      | Reached XP level 6. HP: 18/48 MP: 6/6
  4085 | D:3      | Found a white marble altar of Elyvilon.
  4235 | D:3      | Found an ornate altar of the Wu Jian Council.
  4485 | D:3      | Found an ancient bone altar of Kikubaaqudgha.
  5029 | D:4      | Reached ** piety under Elyvilon
  5767 | D:3      | Reached skill level 6 in Polearms
  6154 | D:5      | Entered Level 5 of the Dungeon
  6163 | D:5      | Reached skill level 5 in Fighting
  6163 | D:5      | Reached XP level 7. HP: 42/56 MP: 7/7
  6200 | D:4      | Slain by a black bear

Illustrated notes

Levels and vault maps discovered:
D:1:      elethiomel_arrival_infinity_welcomes_careful_drivers, layout_rooms,
          shapermc_ecumenical_altar_rom_forum, minmay_stone_trees_medium,
          minmay_misc_feat_five
D:2:      layout_loops_ring, basic_altar, serial_shops, shop, shop, shop, shop,
          shop, minmay_shallow_snake_nest
D:3:      layout_basic, nicolae_wu_jian_immortal_techniques,
          mainiacjoe_overflow_chevrons, kennysheep_vampire_church,
          hangedman_decor_diamond_cutter, kennysheep_generic_room_8
D:4:      layout_cave_pools, serial_shops, kennysheep_mini,
          minmay_misc_feat_plants, uniq_pikel
D:5:      layout_rooms, nicolae_sif_muna_little_library

Skill      XL: |  1  2  3  4  5  6 |
---------------+-------------------+-----
Fighting       | 4 5 |  5.0
Polearms       | 4 5 6 |  6.1
Shields        | 4 5 |  5.0
Dodging        | 3 4 |  4.0
Armour         | |  2.2

Action                   |  1- 3 |  4- 6 |  7- 9 || total
-------------------------+-------+-------+-------++-------
Melee: Trident           |   120 |   285 |    10 ||   415
       Dagger            |       |     5 |       ||     5
 Fire: Hunting sling     |       |    32 |       ||    32
Throw: Stone             |    38 |    17 |     1 ||    56
Invok: Lesser Healing    |       |       |     2 ||     2
Armor: Scale mail        |    51 |   110 |     5 ||   166
Dodge: Dodged            |    35 |    85 |    10 ||   130
Block: Kite shield       |    45 |   146 |    11 ||   202
